[ AOE2 MATCH · #507308270 ]
UnrankedSlavs vs Burmese
Player's team · WIN
Rival team · LOSS
[ REPLAY ANALYSIS · EXTRACTED FROM THE RECORDED GAME ]
Feudal
9:59
Castle
—
Imperial
—
| APM avg | 39.8 |
| APM peak | 86 |
| eAPM avg | 12.0 |
| Villagers / military | 32 / 9 |
Focus
⚔️ 13.6% · 🌾 86.4%
Militia ×6 · Archer ×3
Feudal
10:08
Castle
—
Imperial
—
| APM avg | 48.7 |
| APM peak | 85 |
| eAPM avg | 22.0 |
| Villagers / military | 39 / 8 |
Focus
⚔️ 29.4% · 🌾 70.6%
Militia ×6 · Archer ×1 · Spearman ×1
Match map
Initial resources + every placement click. Lines = walls · curves = elevation contours. ◆ gold · ⬟ stone · ● berries · ✦ relic · ◌ wall gap
Your base· Open — unwalled flank
Sp1r1tdragon's base· Open — unwalled flank
Smoothed initial terrain · ◌ = detected wall gap · hover for details
Inputs per minute
— theanswer5 - - Sp1r1tdragon
Build order — theanswer5
71 actions detected in the replay
| 0:03 | Queue | Villager (Male) |
| 0:03 | Queue | Villager (Male) |
| 0:03 | Queue | Villager (Male) |
| 0:05 | Build | House |
| 0:06 | Build | House |
| 0:47 | Queue | Villager (Male) |
| 1:39 | Queue | Villager (Male) |
| 1:40 | Queue | Villager (Male) |
| 2:05 | Queue | Villager (Male) |
| 2:05 | Queue | Villager (Male) |
| 2:19 | Build | Lumber Camp |
| 2:23 | Queue | Villager (Male) |
| 2:52 | Queue | Villager (Male) |
| 3:09 | Queue | Villager (Male) |
| 3:28 | Build | House |
| 3:41 | Queue | Villager (Male) |
| 4:08 | Queue | Villager (Male) |
| 4:38 | Queue | Villager (Male) |
| 5:07 | Queue | Villager (Male) |
| 5:07 | Queue | Villager (Male) |
| 5:18 | Build | Mining Camp |
| 5:34 | Queue | Villager (Male) |
| 5:38 | Build | House |
| 5:48 | Queue | Villager (Male) |
| 6:20 | Queue | Villager (Male) |
| 6:29 | Build | Barracks |
| 6:47 | Research | Loom |
| 7:07 | Queue | Villager (Male) |
| 7:22 | Build | House |
| 7:42 | Build | Mill |
| 7:49 | Research | Feudal Age |
| 7:49 | Research | Feudal Age |
| 8:02 | Queue | Militia |
| 8:08 | Build | Palisade Wall |
| 8:19 | Queue | Militia |
| 8:38 | Queue | Militia |
| 8:57 | Queue | Villager (Male) |
| 9:00 | Queue | Militia |
| 9:50 | Build | Farm |
| 9:59 | Age | Feudal Age |
| 10:07 | Queue | Villager (Male) |
| 10:28 | Research | Man-at-Arms (upgrade) |
| 10:30 | Queue | Militia |
| 10:49 | Queue | Villager (Male) |
| 10:53 | Build | Farm |
| 11:08 | Queue | Villager (Male) |
| 11:19 | Queue | Militia |
| 11:28 | Queue | Villager (Male) |
| 11:33 | Build | House |
| 11:51 | Build | Archery Range |
| 11:56 | Research | Double-Bit Axe |
| 11:56 | Research | Double-Bit Axe |
| 12:14 | Queue | Villager (Male) |
| 12:27 | Queue | Villager (Male) |
| 12:42 | Queue | Villager (Male) |
| 13:06 | Queue | Archer |
| 13:13 | Build | Blacksmith |
| 13:19 | Queue | Villager (Male) |
| 13:24 | Queue | Archer |
| 13:37 | Build | Farm |
| 13:42 | Queue | Villager (Male) |
| 13:54 | Queue | Archer |
| 14:07 | Build | Archery Range |
| 14:10 | Queue | Villager (Male) |
| 14:19 | Research | Fletching |
| 14:22 | Queue | Villager (Male) |
| 14:41 | Build | Farm |
| 14:43 | Build | Farm |
| 14:44 | Build | Farm |
| 14:52 | Build | House |
| 14:53 | Build | House |
Build order — Sp1r1tdragon
90 actions detected in the replay
| 0:00 | Queue | Villager (Male) |
| 0:00 | Queue | Villager (Male) |
| 0:00 | Queue | Villager (Male) |
| 0:02 | Build | House |
| 0:04 | Build | House |
| 0:06 | Queue | Villager (Male) |
| 0:06 | Queue | Villager (Male) |
| 1:36 | Queue | Villager (Male) |
| 1:36 | Queue | Villager (Male) |
| 1:58 | Queue | Villager (Male) |
| 1:58 | Queue | Villager (Male) |
| 2:02 | Build | Lumber Camp |
| 2:26 | Queue | Villager (Male) |
| 2:26 | Queue | Villager (Male) |
| 2:46 | Queue | Villager (Male) |
| 2:46 | Queue | Villager (Male) |
| 3:09 | Queue | Villager (Male) |
| 3:10 | Queue | Villager (Male) |
| 3:36 | Queue | Villager (Male) |
| 3:36 | Queue | Villager (Male) |
| 3:51 | Build | House |
| 4:02 | Queue | Villager (Male) |
| 4:05 | Queue | Villager (Male) |
| 4:35 | Queue | Villager (Male) |
| 4:39 | Build | Barracks |
| 5:02 | Build | House |
| 5:03 | Queue | Villager (Male) |
| 5:18 | Queue | Villager (Male) |
| 5:36 | Queue | Militia |
| 5:36 | Queue | Militia |
| 5:59 | Queue | Villager (Male) |
| 6:00 | Queue | Militia |
| 6:00 | Queue | Militia |
| 6:06 | Build | House |
| 6:09 | Build | Palisade Gate |
| 6:25 | Queue | Militia |
| 6:42 | Queue | Villager (Male) |
| 6:44 | Queue | Villager (Male) |
| 7:24 | Research | Loom |
| 7:29 | Build | Mill |
| 7:58 | Research | Feudal Age |
| 7:58 | Research | Feudal Age |
| 8:54 | Build | Lumber Camp |
| 9:36 | Queue | Villager (Male) |
| 9:42 | Build | Palisade Wall |
| 9:42 | Build | Palisade Wall |
| 9:44 | Build | Palisade Wall |
| 9:54 | Build | House |
| 10:08 | Age | Feudal Age |
| 10:24 | Research | Horse Collar |
| 10:25 | Research | Horse Collar |
| 10:27 | Build | Farm |
| 10:28 | Build | Farm |
| 10:29 | Build | Farm |
| 10:34 | Queue | Villager (Male) |
| 10:43 | Build | Farm |
| 10:47 | Queue | Spearman |
| 10:54 | Queue | Villager (Male) |
| 10:56 | Build | Farm |
| 11:00 | Build | Farm |
| 11:28 | Build | House |
| 11:31 | Queue | Villager (Male) |
| 11:32 | Queue | Villager (Male) |
| 11:34 | Build | Farm |
| 11:40 | Build | Palisade Wall |
| 11:50 | Queue | Militia |
| 11:59 | Queue | Villager (Male) |
| 12:01 | Build | Farm |
| 12:08 | Build | House |
| 12:18 | Build | Palisade Wall |
| 12:21 | Queue | Villager (Male) |
| 12:26 | Build | Blacksmith |
| 12:32 | Queue | Villager (Male) |
| 12:38 | Build | House |
| 12:44 | Build | House |
| 12:48 | Build | Palisade Wall |
| 12:51 | Build | Palisade Wall |
| 13:08 | Queue | Villager (Male) |
| 13:22 | Build | Archery Range |
| 13:23 | Queue | Villager (Male) |
| 13:28 | Queue | Villager (Male) |
| 13:33 | Build | Palisade Wall |
| 13:52 | Build | Mining Camp |
| 14:06 | Queue | Villager (Male) |
| 14:15 | Queue | Archer |
| 14:16 | Queue | Villager (Male) |
| 14:20 | Build | Farm |
| 14:29 | Build | Palisade Wall |
| 14:35 | Queue | Villager (Male) |
| 14:53 | Build | Palisade Wall |
Match timeline
| 4:39 | Sp1r1tdragon · first_building Barracks |
| 6:29 | theanswer5 · first_building Barracks |
| 8:08 | theanswer5 · wall_segment Palisade Wall x1 |
| 9:42 | Sp1r1tdragon · wall_segment Palisade Wall x1 |
| 9:42 | Sp1r1tdragon · wall_segment Palisade Wall x1 |
| 9:44 | Sp1r1tdragon · wall_segment Palisade Wall x1 |
| 9:59 | theanswer5 · age_up feudal |
| 10:08 | Sp1r1tdragon · age_up feudal |
| 11:40 | Sp1r1tdragon · wall_segment Palisade Wall x4 |
| 11:51 | theanswer5 · first_building Archery Range |
| 12:18 | Sp1r1tdragon · wall_segment Palisade Wall x3 |
| 12:48 | Sp1r1tdragon · wall_segment Palisade Wall x1 |
| 12:51 | Sp1r1tdragon · wall_segment Palisade Wall x1 |
| 13:22 | Sp1r1tdragon · first_building Archery Range |
| 13:33 | Sp1r1tdragon · wall_segment Palisade Wall x1 |
| 14:29 | Sp1r1tdragon · wall_segment Palisade Wall x1 |
| 14:53 | Sp1r1tdragon · wall_segment Palisade Wall x1 |
| 15:17 | Sp1r1tdragon · resign |
[ AI ANALYSIS · 1 CREDIT ]
What really happened in this match?
Wolo.gg analyzes every decision: build order, eco, micro, common mistakes by bracket. Personalized analysis on WhatsApp or Discord in 30 seconds.
Civ guide
Slavs
Perfil
theanswer5